Map: Pendiente de Agustín EE

Players

MrFercho

  • Race: Zerg Zerg
  • Spawn Location: 6:00

tigro

  • Race: Terran Terran
  • Spawn Location: 6:00

TATORREA

  • Race: Protoss Protoss
  • League: Silver
  • Spawn Location: 5:00

JOSELLO - Winner!

  • Race: Terran Terran
  • Spawn Location: 12:00

Mario - Winner!

  • Race: Terran Terran
  • Spawn Location: 11:00

Kikex - Winner!

  • Race: Protoss Protoss
  • League: Silver
  • Spawn Location: 12:00

VOD

Have the link to the VOD?

Description

Time

  • Played on: June 9, 2020, 9:19 p.m.
  • Length: 16:55
Show
View Real Time Build Order
Export as new Build Order

MrFercho Zerg 

Build Orders: Hatch First, Roach Hydra 

Get SALT Encoding   

  12  0:01  Drone  
  13  0:08  Drone  
  14  0:17  Overlord  
  16  0:35  Drone x2  
  16  0:52  Drone  
  16  0:56  Hatchery, Drone  
  17  0:59  Drone  
  18  1:08  Drone  
  19  1:18  Spawning Pool  
  19  1:23  Drone  
  19  1:27  Extractor  
  19  1:29  Drone  
  19  1:45  Drone  
  20  1:53  Drone  
  21  2:01  Drone  
  21  2:08  Queen  
  24  2:10  Overlord  
  24  2:14  Queen  
  26  2:21  Drone x2  
  28  2:35  Drone x3  
  31  2:40  Drone  
  32  2:59  Overlord x2  
  32  3:12  Extractor  
  31  3:14  Extractor  
  30  3:21  Drone x7  
  37  3:32  Lair  
  37  3:35  Queen  
  39  4:01  Drone x5  
  39  4:02  Drone x5  
  49  4:33  Overlord x3  
  49  4:44  Roach Warren  
  48  4:47  Extractor  
  48  4:48  Spine Crawler  
  48  4:52  Spine Crawler  
  45  4:54  Spine Crawler  
  45  4:57  Spine Crawler  
  43  5:00  Drone  
  43  5:04  Drone x4  
  43  5:05  Drone  
  49  5:13  Hatchery  
  48  5:19  Hydralisk Den  
  47  5:34  Evolution Chamber  
  46  5:36  Evolution Chamber  
  46  5:40  Spore Crawler  
  44  5:44  Glial Reconstitution  
  44  5:46  Spore Crawler  
  44  5:47  Roach  
  44  5:48  Roach x5  
  55  6:07  Hydralisk x2  
  59  6:21  Zerg Ground Armor Level 1, Zerg Missile Weapons Level 1  
  59  6:29  Spore Crawler  
  57  6:49  Roach x6  
  57  6:52  Drone x4  
  73  6:58  Drone  
  73  7:00  Overlord x3  
  74  7:14  Grooved Spines  
  73  7:43  Hydralisk x9  
  91  7:59  Hatchery  
  91  8:04  Extractor  
  89  8:05  Extractor  
  88  8:15  Hydralisk x2  
  88  8:19  Overlord x3  
  92  8:20  Overlord  
  92  8:25  Muscular Augments  
  92  9:23  Drone x14  
  66  9:57  Hydralisk  
  66  9:58  Hydralisk x8  
  82  10:39  Hydralisk  
  82  10:40  Hydralisk x11  
  94  11:13  Hydralisk x3  
  98  11:46  Hatchery  
  97  11:58  Overlord  
  97  11:59  Overlord x5  
  93  12:07  Zerg Missile Weapons Level 2, Zerg Ground Armor Level 2  
  79  12:14  Infestation Pit  
  62  12:28  Hydralisk x4  
  70  12:45  Hydralisk x2  
  70  12:46  Hydralisk x6  
  86  12:59  Drone x3  
  89  13:13  Extractor  
  88  13:21  Extractor  
  87  13:57  Hydralisk x9  
  105  14:31  Hydralisk x9  
  99  14:56  Hydralisk x6  
  79  15:17  Hydralisk  
  79  15:18  Hydralisk x5  
  77  15:36  Hydralisk x5  
  77  15:37  Hydralisk  
  83  15:46  Hydralisk x6  
  75  15:57  Hydralisk x3  
  34  16:31  Spore Crawler  
  28  16:33  Spore Crawler  
  28  16:34  Spore Crawler  
  23  16:50  Spine Crawler  
Show
View Real Time Build Order
Export as new Build Order

tigro Terran 

Build Orders:  

Get SALT Encoding   

  12  0:03  SCV  
  13  0:15  SCV  
  15  0:28  SCV  
  15  0:29  Supply Depot  
  15  0:37  Refinery  
  15  0:50  SCV  
  16  0:58  Barracks  
  16  1:02  SCV  
  17  1:11  Refinery  
  17  1:14  SCV  
  18  1:27  SCV  
  19  1:37  Supply Depot  
  19  1:46  Marine  
  20  1:53  SCV  
  21  2:04  Marine  
  21  2:05  SCV  
  23  2:14  Barracks  
  23  2:17  SCV  
  23  2:22  Marine  
  25  2:28  Engineering Bay  
  25  2:29  SCV  
  26  2:40  Marine  
  26  2:41  SCV  
  28  2:58  Marine  
  29  3:02  Barracks Tech Lab  
  29  3:16  Orbital Command  
  30  3:24  Factory  
  30  3:25  Marine  
  31  3:27  Combat Shield  
  31  3:32  Barracks Tech Lab  
  30  3:42  Marine  
  31  3:57  Stimpack  
  31  4:00  Marine  
  31  4:02  Terran Infantry Weapons Level 1  
  32  4:11  Factory Tech Lab  
  32  4:18  Marine  
  33  4:36  Marine  
  34  4:39  Command Center  
  34  4:44  Siege Tank  
  37  4:46  Concussive Shells  
  37  4:58  Starport  
  37  5:36  Medivac  
  39  5:51  Refinery  
  39  5:56  Terran Infantry Armor Level 1  
  39  5:57  Missile Turret  
  39  6:03  Planetary Fortress  
  39  6:06  Medivac  
  41  6:18  Missile Turret  
  41  6:23  Refinery  
  41  6:39  Missile Turret  
  41  6:45  Starport Tech Lab  
  41  6:47  Siege Tank  
  41  6:50  Marine x2  
  46  7:04  Missile Turret  
  46  7:08  Marine x2, Fusion Core  
  48  7:19  Armory, Siege Tank  
  51  7:26  Marine x2  
  53  7:37  Missile Turret  
  53  7:44  Marine x2  
  53  7:46  Mag-Field Accelerator  
  53  7:50  Neosteel Armor  
  55  8:02  Marine x2  
  55  8:03  Weapon Refit  
  57  8:18  SCV  
  58  8:30  SCV  
  58  8:32  Supply Depot  
  59  8:42  SCV  
  60  8:53  Marine  
  60  8:54  Marine, SCV  
  63  9:07  SCV  
  64  9:11  Marine x2  
  66  9:25  Infernal Pre-Igniter  
  66  9:29  Marine x2  
  66  9:30  Hi-Sec Auto Tracking  
  68  9:34  Battlecruiser  
  47  9:47  Marine x2  
  48  10:05  Marine x2  
  33  10:22  Marine  
  33  10:23  Marine  
  33  10:25  Siege Tank  
  34  10:38  Medivac  
  34  10:40  Marine x2  
  38  10:54  SCV  
  39  10:58  Marine x2  
  41  11:06  SCV  
  41  11:08  Battlecruiser  
  48  11:16  Marine  
  48  11:18  SCV  
  50  11:30  SCV  
  23  12:04  Marine  
  23  12:05  Marine  
  25  12:22  Marine x2  
  21  12:40  Marine x2  
  22  12:58  Marine x2  
  22  13:03  Starport Tech Lab  
  24  13:08  Terran Infantry Weapons Level 2  
  24  13:09  Command Center  
  24  13:16  Marine x2  
  26  13:22  SCV  
  27  13:35  SCV  
  28  13:47  SCV  
  29  13:59  SCV  
  7  14:41  Refinery  
  7  14:42  Marine x2  
  9  14:59  Marine  
  9  15:00  Marine  
  9  15:17  Marine x2  
  11  15:25  Medivac  
  13  15:35  Marine x2  
  13  15:53  Marine x2, Orbital Command  
  15  16:14  Marine  
  15  16:17  Marine  
  14  16:32  Marine  
Show
View Real Time Build Order
Export as new Build Order

TATORREA Protoss 

Build Orders:  

Get SALT Encoding   

  12  0:02  Probe  
  13  0:33  Pylon, Probe  
  13  0:41  Probe  
  14  0:47  Assimilator  
  15  0:51  Probe  
  16  0:59  Gateway  
  16  1:01  Gateway  
  16  1:03  Probe  
  17  1:18  Probe  
  18  1:30  Probe  
  19  1:47  Nexus  
  19  1:49  Probe  
  20  1:55  Assimilator  
  20  1:58  Zealot  
  22  2:06  Probe  
  23  2:25  Pylon  
  23  2:32  Pylon  
  23  2:43  Probe, Zealot  
  26  2:55  Cybernetics Core  
  26  3:03  Probe  
  27  3:06  Gateway  
  27  3:08  Gateway  
  27  3:10  Probe  
  28  3:19  Zealot x2  
  32  3:29  Warp Gate  
  32  3:33  Probe x2  
  34  3:45  Probe x2  
  36  4:01  Probe x2  
  38  4:10  Stalker x3  
  38  4:11  Stalker  
  38  4:14  Probe  
  38  4:16  Probe  
  46  4:38  Probe x2  
  48  4:40  Stalker  
  50  4:46  Pylon  
  50  4:51  Pylon  
  50  4:54  Pylon  
  50  4:56  Probe x2  
  52  5:02  Stargate  
  52  5:04  Stargate  
  52  5:05  Assimilator  
  52  5:07  Robotics Facility, Assimilator  
  52  5:08  Probe x2  
  54  5:22  Probe x2  
  56  5:36  Probe x2  
  58  5:48  Probe x2  
  60  5:50  Pylon  
  60  5:51  Phoenix  
  60  5:52  Phoenix  
  60  5:53  Pylon  
  60  5:55  Stalker  
  60  5:56  Stalker, Pylon  
  68  5:57  Stalker  
  68  6:00  Stalker  
  53  6:30  Probe x2  
  55  6:42  Probe x2  
  57  6:54  Probe x2  
  59  7:05  Stalker  
  59  7:06  Stalker x3, Probe x2  
  69  7:18  Probe x2, Phoenix  
  69  7:19  Phoenix  
  75  7:30  Probe x2  
  77  7:41  Immortal  
  77  7:42  Probe x2  
  83  7:45  Stalker  
  83  7:47  Stalker  
  87  7:51  Stalker  
  87  7:55  Probe  
  87  7:56  Probe  
  91  8:19  Probe x2  
  93  8:43  Probe x2  
  95  8:59  Phoenix x2  
  95  9:02  Stalker  
  101  9:12  Nexus  
  101  9:20  Forge  
  101  9:23  Forge  
  101  9:24  Forge  
  101  9:28  Cybernetics Core  
  101  9:30  Fleet Beacon  
  101  9:33  Robotics Bay  
  101  9:39  Pylon  
  101  9:42  Pylon  
  101  9:48  Pylon  
  101  9:54  Pylon  
  101  9:58  Pylon  
  101  10:02  Pylon  
  101  10:06  Pylon  
  101  10:08  Immortal  
  101  10:09  Pylon  
  105  10:17  Pylon  
  83  11:16  Stalker x2  
  83  11:17  Stalker x2  
  78  11:53  Stalker x4  
  79  12:55  Phoenix x2  
  79  12:57  Protoss Ground Weapons Level 1  
  79  12:58  Protoss Shields Level 1  
  83  12:59  Protoss Ground Armor Level 1  
  83  13:01  Extended Thermal Lance  
  83  13:03  Colossus  
  89  13:13  Anion Pulse-Crystals  
  89  13:20  Phoenix x2  
  89  13:23  Protoss Air Weapons Level 1  
  89  13:24  Protoss Air Armor Level 1  
  94  14:31  Probe x2  
  95  14:43  Probe x2  
  97  14:55  Probe x2  
  47  15:07  Probe  
  47  15:08  Probe  
  25  15:19  Probe  
  25  15:20  Probe  
Show
View Real Time Build Order
Export as new Build Order

JOSELLO Terran - Winner!

Build Orders:  

Get SALT Encoding   

  12  0:01  SCV  
  13  0:13  SCV  
  14  0:25  SCV  
  14  0:27  Supply Depot  
  15  0:32  Refinery  
  15  0:49  SCV  
  16  0:51  Supply Depot  
  16  0:53  Barracks  
  16  1:03  Refinery  
  16  1:05  SCV  
  17  1:18  Supply Depot  
  17  1:20  SCV  
  18  1:32  SCV  
  19  1:40  Supply Depot  
  19  1:43  Marine  
  20  2:05  Marine  
  20  2:08  Factory, SCV  
  22  2:20  SCV  
  23  2:32  Marine  
  24  2:42  SCV  
  25  2:52  Factory Tech Lab  
  25  2:54  SCV  
  25  2:57  Starport  
  26  2:59  Marine  
  27  3:18  Command Center, Siege Tank  
  30  3:22  Marine  
  31  3:33  Starport Reactor  
  31  3:36  Orbital Command  
  31  3:40  Marine  
  32  4:02  Engineering Bay  
  32  4:03  Marine  
  32  4:09  Siege Tank  
  36  4:12  Medivac  
  36  4:13  Medivac  
  40  4:36  Missile Turret  
  40  4:37  SCV  
  41  4:38  Missile Turret  
  41  4:46  Marine  
  41  4:49  SCV  
  43  4:56  Barracks  
  43  5:01  SCV  
  43  5:06  Marine  
  45  5:13  SCV  
  46  5:14  Medivac  
  48  5:25  SCV  
  49  5:31  Terran Infantry Weapons Level 1  
  49  5:37  SCV  
  49  5:41  Marine  
  51  5:43  Barracks  
  51  5:44  Barracks Tech Lab  
  51  5:49  SCV  
  52  6:02  SCV  
  52  6:03  Combat Shield  
  53  6:14  SCV  
  53  6:15  Siege Tank  
  53  6:17  Marine x2  
  59  6:26  SCV  
  59  6:28  Refinery  
  59  6:30  Refinery  
  59  6:32  Barracks  
  60  6:33  Barracks Reactor  
  60  6:35  Marine  
  60  6:38  SCV  
  62  6:48  Marine  
  62  6:50  SCV  
  62  6:53  Supply Depot  
  64  7:00  Marine  
  65  7:02  SCV  
  65  7:06  Marine  
  67  7:10  Marine x2  
  69  7:15  Supply Depot  
  69  7:18  Marine  
  70  7:24  Marine  
  70  7:25  Stimpack  
  70  7:26  Barracks Reactor  
  71  7:33  Factory  
  71  7:36  Marine  
  72  7:52  Terran Infantry Armor Level 1  
  72  7:55  Supply Depot  
  72  8:02  SCV  
  73  8:14  Marine, SCV  
  73  8:15  Marine x5  
  80  8:21  Supply Depot  
  80  8:23  Starport  
  80  8:24  Factory Tech Lab  
  80  8:26  SCV  
  81  8:38  Marine x2  
  81  8:39  Marine x3  
  86  8:51  Supply Depot  
  86  9:04  Starport Reactor  
  79  9:44  Marine x4  
  83  10:06  Sensor Tower  
  83  10:14  Marine x2  
  83  10:15  Marine x4  
  83  10:16  Medivac x3  
  83  10:17  Medivac  
  83  10:18  Siege Tank  
  100  10:21  Siege Tank  
  103  10:32  Marine x2  
  105  10:46  Medivac x2  
  109  11:04  Sensor Tower  
  109  11:26  Siege Tank  
  96  11:42  Marine x6  
  102  11:47  Command Center  
  102  11:48  Medivac  
  102  11:49  Medivac x2  
  108  11:55  Siege Tank  
  108  11:58  Siege Tank  
  108  11:59  Marine  
  108  12:00  Marine x5  
  111  12:17  Marine x3  
  111  12:20  Marine x2  
  111  12:21  Marine  
  114  12:27  Siege Tank  
  117  12:30  Armory  
  117  12:34  Supply Depot  
  117  12:35  Marine x3  
  120  12:38  Marine x3  
  123  12:52  Orbital Command  
  123  12:53  Marine x3  
  123  12:57  Supply Depot, Marine x3  
  129  13:01  Command Center  
  129  13:11  Marine x3  
  132  13:15  Marine x3  
  135  13:20  Supply Depot  
  135  13:28  Marine  
  135  13:29  Marine x2  
  135  13:32  Marine  
  135  13:33  Marine x2  
  141  13:46  Marine x2  
  141  13:47  Marine  
  100  15:18  Marine x5  
  100  15:19  Marine  
  103  15:36  Marine  
  104  16:03  Marine x5  
  104  16:04  Marine  
  110  16:21  Marine x6  
Show
View Real Time Build Order
Export as new Build Order

Mario Terran - Winner!

Build Orders:  

Get SALT Encoding   

  12  0:01  SCV  
  13  0:13  SCV  
  14  0:22  Supply Depot  
  14  0:25  SCV  
  15  0:44  SCV  
  15  0:46  Supply Depot  
  16  0:53  Barracks  
  16  0:56  SCV  
  17  1:00  Refinery  
  17  1:08  SCV  
  18  1:19  Refinery  
  18  1:21  SCV  
  19  1:33  SCV  
  20  1:42  Barracks  
  20  1:45  SCV  
  21  1:53  Marine, Engineering Bay  
  22  1:57  SCV  
  23  2:09  SCV  
  23  2:11  Marine, Factory  
  25  2:22  SCV  
  26  2:28  Marine  
  27  2:31  Supply Depot  
  27  2:42  Supply Depot, SCV  
  27  2:44  Marine  
  29  2:46  Marine  
  29  2:50  Terran Infantry Weapons Level 1  
  30  3:01  Orbital Command  
  30  3:12  Starport  
  30  3:13  Factory Tech Lab  
  30  3:21  Armory  
  30  3:24  Marine  
  31  3:34  Supply Depot  
  31  3:40  Siege Tank  
  34  3:43  Marine  
  35  3:49  Marine  
  36  4:00  Starport Tech Lab  
  36  4:01  Marine  
  37  4:07  Marine  
  38  4:40  Marine  
  38  4:41  Marine  
  38  4:44  Command Center  
  43  4:45  Siege Tank  
  43  4:54  SCV  
  43  4:58  Marine  
  45  5:06  SCV  
  46  5:14  Refinery  
  46  5:18  SCV, Refinery  
  47  5:22  Supply Depot  
  47  5:29  Supply Depot  
  47  5:31  SCV  
  47  5:34  Starport  
  48  5:37  Marine  
  48  5:38  Marine  
  48  5:39  Factory  
  50  5:55  Marine x2  
  52  5:57  Missile Turret  
  52  6:13  Marine x2  
  54  6:18  Missile Turret  
  54  6:20  SCV  
  54  6:22  SCV  
  56  6:31  Marine x2  
  56  6:32  SCV  
  59  6:34  SCV  
  59  6:37  Terran Vehicle Weapons Level 1  
  59  6:39  Fusion Core  
  60  6:44  SCV  
  60  6:46  SCV  
  62  6:49  Marine  
  62  6:53  Marine, Starport Tech Lab  
  64  6:57  SCV  
  64  6:58  SCV  
  64  6:59  Factory Tech Lab  
  64  7:00  Siege Tank  
  69  7:06  Marine  
  69  7:07  Missile Turret  
  70  7:09  SCV  
  70  7:11  Marine, SCV  
  70  7:13  Terran Infantry Weapons Level 2  
  73  7:24  Marine  
  73  7:28  Missile Turret  
  73  7:29  Marine  
  75  7:39  Medivac x2  
  75  7:42  Marine  
  80  7:47  Marine  
  81  7:53  Missile Turret  
  81  8:00  Marine  
  81  8:02  Orbital Command  
  81  8:05  Marine  
  83  8:18  Marine  
  84  8:22  Marine  
  85  8:33  Supply Depot  
  85  8:36  Marine  
  86  8:54  Marine x2, Siege Tank x2  
  94  8:55  Supply Depot  
  94  9:17  Battlecruiser  
  94  9:19  Supply Depot  
  100  9:35  Marine x2  
  99  9:42  Supply Depot  
  94  9:53  Marine x2  
  96  10:04  Supply Depot  
  88  10:11  Marine x2  
  88  10:28  Marine  
  88  10:29  Supply Depot, Marine  
  82  10:46  Marine x2  
  84  10:52  Supply Depot  
  84  10:54  Battlecruiser  
  90  10:58  Siege Tank x2  
  96  11:04  Marine x2  
  98  11:14  Battlecruiser  
  98  11:16  Supply Depot  
  104  11:22  Marine x2  
  106  11:40  Marine x2  
  108  11:57  Marine  
  108  11:58  Marine, Battlecruiser  
  114  12:15  Marine x2  
  112  13:22  Battlecruiser  
  112  13:23  Marine x2, Battlecruiser  
  126  13:41  Marine x2  
  126  13:59  Marine x2  
  128  14:16  Marine  
  128  14:17  Marine  
  130  14:27  Battlecruiser x2  
  142  14:34  Marine x2  
  142  14:35  Terran Vehicle And Ship Armor Level 1  
  144  14:38  Hi-Sec Auto Tracking  
  142  14:52  Marine x2  
  144  15:10  Marine x2  
  146  15:23  Missile Turret  
  146  15:24  Missile Turret x2  
  146  15:25  Missile Turret x3  
  146  15:27  Missile Turret  
  146  15:28  Marine x2, Missile Turret  
  148  15:46  Starport  
  148  15:47  Starport  
  148  15:48  Starport  
  148  16:21  Marine x2  
Show
View Real Time Build Order
Export as new Build Order

Kikex Protoss - Winner!

Build Orders:  

Get SALT Encoding   

  12  0:08  Probe  
  13  0:23  Probe  
  14  0:30  Pylon  
  14  0:34  Assimilator  
  14  0:36  Probe  
  15  0:48  Probe  
  16  0:56  Assimilator  
  16  1:00  Probe  
  16  1:01  Gateway  
  17  1:05  Pylon  
  17  1:08  Probe  
  17  1:16  Probe  
  18  1:25  Probe  
  20  1:33  Probe  
  21  1:41  Probe  
  22  1:53  Probe  
  22  1:54  Cybernetics Core  
  23  1:58  Pylon  
  23  2:02  Pylon  
  23  2:20  Nexus  
  23  2:30  Pylon  
  23  2:37  Pylon  
  23  2:41  Pylon  
  23  2:46  Assimilator  
  23  2:51  Assimilator  
  23  2:57  Probe  
  24  3:02  Stargate  
  24  3:05  Probe  
  24  3:11  Pylon  
  25  3:13  Probe  
  26  3:21  Forge  
  26  3:32  Stargate  
  26  3:46  Pylon  
  26  3:49  Probe  
  26  3:51  Pylon  
  27  3:57  Probe  
  27  3:59  Probe  
  29  4:06  Oracle  
  29  4:07  Probe  
  33  4:11  Probe  
  33  4:14  Pylon  
  34  4:19  Pylon, Probe  
  35  4:31  Oracle  
  38  4:38  Stargate  
  38  4:44  Stargate  
  38  4:47  Probe  
  39  4:55  Probe  
  39  4:56  Protoss Air Weapons Level 1  
  39  4:57  Photon Cannon  
  40  5:02  Photon Cannon  
  40  5:05  Probe  
  40  5:09  Photon Cannon  
  41  5:14  Photon Cannon  
  41  5:30  Fleet Beacon  
  41  5:34  Pylon  
  41  5:42  Photon Cannon  
  41  5:47  Photon Cannon  
  41  5:58  Photon Cannon  
  38  6:49  Tempest  
  38  6:50  Tempest  
  45  7:15  Tempest  
  50  7:18  Tempest  
  55  7:32  Protoss Shields Level 1  
  55  7:48  Tempest  
  55  7:49  Probe  
  60  7:55  Probe  
  60  7:57  Probe  
  61  8:03  Probe  
  63  8:07  Probe  
  65  8:13  Probe  
  65  8:19  Probe  
  67  8:46  Nexus  
  67  8:58  Nexus  
  67  9:02  Assimilator  
  67  9:07  Assimilator  
  67  9:50  Tempest x2  
  67  9:51  Tempest x2  
  87  10:01  Zealot  
  89  10:15  Nexus  
  89  10:28  Zealot  
  89  10:34  Assimilator  
  91  10:35  Probe  
  91  10:36  Assimilator  
  92  10:48  Probe  
  93  11:00  Probe  
  94  11:12  Probe  
  94  11:18  Tempest x4  
  105  11:24  Probe  
  72  13:00  Tempest  
  72  13:01  Tempest x3  
  92  13:08  Probe  
  92  13:12  Probe  
  93  13:16  Probe  
  94  13:20  Probe  
  94  13:25  Probe  
  96  13:29  Probe  
  96  13:30  Robotics Facility  
  96  13:31  Robotics Facility  
  98  13:35  Pylon  
  98  13:37  Probe  
  98  13:38  Pylon  
  99  13:41  Pylon, Probe  
  99  13:43  Tempest x2  
  99  13:44  Tempest x2  
  120  13:49  Probe  
  120  13:53  Probe  
  122  14:26  Tempest x4  
  137  15:09  Tempest x3  
Tags
 
Add a new tag
Caveats
  • Supply blocks, unpowered buildings, or Contaminate may cause inaccurate times.
  • Supply counts are checked every 10 seconds.